 Dungeon Crawl Stone Soup version 0.28-a0-823-gb444dcf96d (webtiles) character file.

Game seed: 16376632537040638235

4264 lawman0 the Magician (level 10, -6/79 HPs)
             Began as a Grey Draconian Hedge Wizard on Nov 10, 2021.
             Mangled by a manticore (14 damage)
             ... on level 9 of the Dungeon.
             The game lasted 00:19:42 (12105 turns).

lawman0 the Magician (Grey Draconian Hedge Wizard) Turns: 12105, Time: 00:19:43

Health: -6/79      AC: 16    Str: 13    XL:     10   Next: 10%
Magic:  20/20      EV: 13    Int: 18    God:
Gold:   305        SH:  0    Dex: 10    Spells: 13/22 levels left

rFire   . . .      SeeInvis .   n - +2 spear (venom)
rCold   + . .      Faith    .   (no shield)
rNeg    . . .      Spirit   .   (armour unavailable)
rPois   .          Reflect  .   b - +0 hat
rElec   .          Harm     .   j - +2 cloak
rCorr   +          Rampage  .   (no gloves)
Will    .....                   k - +0 pair of boots
Stlth   ++........              h - amulet of the acrobat
HPRegen 0.23/turn               f - ring of resist corrosion
MPRegen 0.17/turn               p - ring of protection from cold

@: spiked
A: AC +12, amphibious, unfitting armour, cold-blooded
a: no special abilities


You were on level 9 of the Dungeon.
You visited 2 branches of the dungeon, and saw 10 of its levels.

You collected 305 gold pieces.

Inventory:

Hand Weapons
 a - a +0 dagger
 g - a +1 short sword of venom
 l - a +2 spear of flaming
 n - a +2 spear of venom (weapon)
Missiles
 m - 3 throwing nets
Armour
 b - a +0 hat (worn)
 j - a +2 cloak (worn)
 k - a +0 pair of boots (worn)
Jewellery
 f - a ring of resist corrosion (left hand)
 h - an amulet of the acrobat (around neck)
 p - a ring of protection from cold (right hand)
Wands
 s - a wand of digging (6)
Scrolls
 o - 2 scrolls of enchant weapon
 r - a scroll of identify
Potions
 c - a potion of heal wounds {unknown}
 d - a potion of attraction
 e - a potion of curing
 i - a potion of brilliance
 q - a potion of resistance


   Skills:
 + Level 4.2 Fighting
 + Level 4.3 Dodging
 + Level 3.6 Stealth
 + Level 6.6 Spellcasting
 * Level 6.4 Conjurations
 + Level 0.4 Hexes
 + Level 2.2 Summonings
 * Level 5.3 Translocations
 * Level 3.8 Air Magic
 * Level 4.9 Poison Magic
 + Level 0.5 Evocations


You had 13 spell levels left.
You knew the following spells:

 Your Spells              Type           Power      Damage    Failure   Level
a - Magic Dart            Conj           100%       1d8       1%          1
b - Slow                  Hex            28%        N/A       10%         1
c - Blink                 Tloc           50%        N/A       1%          2
d - Call Imp              Summ           14%        N/A       7%          2
e - Mephitic Cloud        Conj/Pois/Air  24%        N/A       4%          3

Your spell library contained the following spells:

 Spells                   Type           Power      Damage    Failure   Level
 Poisonous Vapours        Pois/Air       42%        N/A       2%          2
 Corpse Rot               Necr/Air       24%        N/A       8%          2
 Conjure Flame            Conj/Fire      17%        6-21      9%          3
 Freeze                   Ice            20%        1d4       12%         1
 Confusing Touch          Hex            7%         N/A       28%         3
 Hailstorm                Conj/Ice       17%        3d6       30%         4
 Frozen Ramparts          Ice            10%        1d3       34%         3
 Dispersal                Tloc           12%        N/A       89%         6
 Yara's Violent Unravell  Hex/Tmut       3%         3d4       96%         5
 Disjunction              Tloc           12%        N/A       100%        8


Dungeon Overview and Level Annotations

Branches:
Dungeon (9/15)             Temple (1/1) D:5
   Lair: D:8-11         Orc: D:9-12

Altars:
Ashenzari
Cheibriados
Dithmenos
Elyvilon
Fedhas
Gozag
Hepliaklqana
Kikubaaqudgha
Nemelex Xobeh
Okawaru
Qazlal
Ru
Sif Muna
Trog
Uskayaw
Vehumet
Wu Jian
Xom
Yredelemnul
The Shining One

Annotations:
D:5 1 runed translucent door, Crazy Yiuf
D:8 exclusion: wight


Innate Abilities, Weirdness & Mutations

Your dull iron-grey scales are very hard. (AC +12)
You are amphibious.
You cannot fit into any form of body armour.
You are cold-blooded and may be slowed by cold attacks.


Message History

The barbed spikes dig painfully into your body as you move.
The barbed spikes dig painfully into your body as you move.
The manticore completely misses you. The manticore claws you.
The manticore closely misses you.
You barely miss the manticore.
You tail-slap the manticore, but do no damage.
The manticore bites you!
The manticore claws you but does no damage.
The manticore claws you.
You are too injured to fight recklessly!
You barely miss the manticore. The manticore barely misses you. x2
The manticore claws you but does no damage.
You are too injured to fight recklessly!
You hit the manticore.
The manticore is poisoned.
The manticore is lightly wounded.
The manticore closely misses you.
The manticore claws you but does no damage. x2
You are too injured to fight recklessly!
You hit the manticore.
The manticore looks as sick as possible!
You tail-slap the manticore, but do no damage.
The manticore is lightly wounded.
The manticore bites you!
The manticore claws you but does no damage.
The manticore barely misses you.
The manticore bites you but does no damage.
The manticore claws you. x2
* * * LOW HITPOINT WARNING * * *
You are too injured to fight recklessly!
You hit the manticore but do no damage.
The manticore is lightly wounded.
The manticore bites you!
* * * LOW HITPOINT WARNING * * *
The manticore barely misses you.
The manticore claws you but does no damage.
You are too injured to fight recklessly!
You barely miss the manticore.
The manticore is lightly wounded.
The manticore bites you!
You die...

#...#
###.......##.###.##..#.
#...# #..#.########
#....... #...# .##.##.#
#######..##.#. #...#
.......# #.....#.......
.....
.........####.....##.##.##
..... ...#
.#.........##.##.##
..###.#.###.....##...... .
...#H# #.....#####.##
#.#.##@# ####### #.#
#.#.##.# ######.# #.....[#
#......# ###.#### #.######
#.# #.# #.##### #.#
#.....#######<#
#####.........#
###########


You could see a manticore (extremely poisoned).

Vanquished Creatures
  2 trolls (D:9)
  A wyvern (D:9)
  2 vampire mosquitoes (D:6)
  2 wargs (D:8)
  2 water moccasins
  A black bear (D:6)
  A sky beast (D:6)
  An ice beast (D:5)
  5 ogres
  A necrophage (D:5)
  4 centaurs
  4 phantoms
  A gnoll sergeant (D:4)
  2 bullfrogs (D:7)
  A wyvern zombie (D:6)
  4 scorpions
  A wyvern skeleton (D:7)
  4 wights (D:7)
  2 centaur zombies
  A bullfrog zombie (D:5)
  A centaur skeleton (D:7)
  2 hounds
  5 orc priests
  An iron imp (D:8)
  Natasha (thrice) (D:3)
  2 iguanas
  3 orc wizards
  A killer bee zombie (D:6)
  10 gnolls
  3 howler monkey skeletons (D:6)
  8 adders
  A white imp (D:5)
  2 ufetubi
  A worm (D:2)
  A dart slug (D:2)
  21 orcs
  8 endoplasms
  2 giant cockroaches
  6 goblins
  3 hobgoblins
  4 jackals (D:3)
  5 kobolds
  3 quokkas (D:4)
  5 ball pythons
  6 bats
  3 frilled lizards
  3 rats
155 creatures vanquished.

Vanquished Creatures (collateral kills)
  An orc priest (D:8)
1 creature vanquished.

Vanquished Creatures (others)
  A gnoll (D:5)
  A bush (D:6)
  2 plants (D:8)
4 creatures vanquished.

Grand Total: 160 creatures vanquished

Notes
Turn   | Place    | Note
-------+----------+-------------------------------------------
     0 | D:1      | lawman0 the Draconian Hedge Wizard began the quest for the
                  | Orb.
     0 | D:1      | Reached XP level 1. HP: 14/14 MP: 4/4
   485 | D:1      | Reached XP level 2. HP: 17/20 MP: 0/6
  1111 | D:2      | Reached XP level 3. HP: 25/26 MP: 1/8
  1241 | D:2      | Learned a level 1 spell: Slow
  1244 | D:2      | Learned a level 2 spell: Blink
  1247 | D:2      | Learned a level 2 spell: Call Imp
  1251 | D:2      | Learned a level 3 spell: Mephitic Cloud
  1459 | D:2      | Reached XP level 4. HP: 23/33 MP: 8/10
  2249 | D:3      | Found a blossoming altar of Fedhas.
  2274 | D:2      | Reached skill level 1 in Fighting
  2623 | D:3      | Reached XP level 5. HP: 40/40 MP: 3/11
  2732 | D:3      | Found a shadowy altar of Dithmenos.
  2813 | D:3      | Reached skill level 1 in Poison Magic
  2958 | D:3      | Reached skill level 1 in Air Magic
  3100 | D:3      | Noticed a phantom
  3116 | D:3      | Found a shimmering altar of Xom.
  3135 | D:3      | Noticed Natasha
  3139 | D:3      | Found a white marble altar of Elyvilon.
  3141 | D:3      | Found a stormy altar of Qazlal.
  3484 | D:3      | Killed Natasha
  3487 | D:3      | Noticed Natasha
  3492 | D:3      | Killed Natasha
  3721 | D:3      | Killed a phantom
  3722 | D:3      | Reached XP level 6. HP: 40/47 MP: 0/12
  3899 | D:3      | Noticed Natasha
  3907 | D:3      | Killed Natasha
  4894 | D:4      | Your scales start taking on a dull iron-grey colour.
  4894 | D:4      | Reached XP level 7. HP: 49/53 MP: 9/13
  5744 | D:5      | Entered Level 5 of the Dungeon
  5744 | D:5      | Found a sparkling altar of Nemelex Xobeh.
  6041 | D:5      | Found an opulent altar of Gozag.
  6075 | D:5      | Found an opulent altar of Gozag.
  6075 | D:5      | Found an opulent altar of Gozag.
  6245 | D:5      | Found a staircase to the Ecumenical Temple.
  6254 | Temple   | Entered the Ecumenical Temple
  6511 | D:5      | Reached skill level 5 in Spellcasting
  6545 | D:5      | Reached XP level 8. HP: 27/62 MP: 5/15
  7007 | D:5      | Found an opulent altar of Gozag.
  7040 | D:5      | Found a radiant altar of Vehumet.
  7362 | D:5      | Found a runed translucent door.
  7363 | D:5      | Noticed Crazy Yiuf
  7733 | D:6      | Reached skill level 5 in Conjurations
  8559 | D:6      | Learned a level 2 spell: Poisonous Vapours
  8603 | D:6      | Reached XP level 9. HP: 30/69 MP: 11/17
  9068 | D:6      | Found a hazy altar of Hepliaklqana.
  9395 | D:7      | Found a glowing golden altar of the Shining One.
 10451 | D:7      | Reached skill level 5 in Translocations
 11113 | D:8      | Found a snail-covered altar of Cheibriados.
 11748 | D:9      | Noticed a troll
 11748 | D:9      | Noticed a troll
 11782 | D:9      | Killed a troll
 11783 | D:9      | Reached XP level 10. HP: 32/78 MP: 11/19
 12086 | D:9      | Noticed a manticore
 12105 | D:9      | Mangled by a manticore

Illustrated notes

Levels and vault maps discovered:
D:1:      psy_arrival_radial02, layout_rooms, minmay_misc_feat_more_columns
D:2:      layout_loops_ring
D:3:      layout_basic, fedhas_altar_2, mainiacjoe_overflow_cross_hatched,
          nicolae_overflow_hidden_temple, minmay_misc_feat_cross, corexii_shack,
          uniq_natasha
D:4:      layout_gridville, chequers_jeans, st_stairs_5, hex_medium,
          minmay_misc_feat_four_crosses, hangedman_decor_opposing,
          lightli_minifort
D:5:      layout_cave_pods, nicolae_gozag_conspicuous_consumption,
          mainiacjoe_overflow_alcove_2, lemuel_round_altar,
          minmay_temple_entry_drinking_statues, chequers_mini_garden,
          kennysheep_generic_room_10, uniq_crazy_yiuf_cottage
D:6:      lemuel_ice_spiral_2, layout_basic, lemuel_coloured_pillars_altar,
          kb_lookout_dungeons_type, hangedman_abyss_or_decor_passed
D:7:      layout_cave_pods, mainiacjoe_overflow_boulevard,
          chequers_serial_rivers_room_a
D:8:      layout_loops_ring, slow_altar_1, erik_lair_orcish_takeover
D:9:      layout_loops_cross, grunt_temple_overflow_order_and_chaos_2
Temple:   compressed_dpeg_triangle_lava_temple

Skill      XL: |  1  2  3  4  5  6  7  8  9 |
---------------+----------------------------+-----
Dodging        | 2 3 4 |  4.3
Stealth        | 2 3 |  3.6
Spellcasting   | 4 5 6 |  6.6
Fighting       | 1 2 3 4 |  4.2
Conjurations   | 2 3 4 5 6 |  6.4
Poison Magic   | 1 2 3 4 |  4.9
Air Magic      | 1 2 3 |  3.8
Translocations | 2 3 4 5 |  5.3
Summonings     | 2 |  2.2
Hexes          | |  0.4
Evocations     | |  0.5

Action                   |  1- 3 |  4- 6 |  7- 9 | 10-12 || total
-------------------------+-------+-------+-------+-------++-------
Melee: Dagger            |    11 |       |       |       ||    11
       Tailslap          |     2 |     6 |    30 |     2 ||    40
       Short sword       |    26 |    99 |    23 |       ||   148
       Spear             |       |       |   288 |    17 ||   305
 Cast: Magic Dart        |    43 |   109 |   166 |     1 ||   319
       Call Imp          |       |     1 |    10 |       ||    11
       Mephitic Cloud    |       |     3 |    17 |     3 ||    23
       Blink             |       |     1 |    11 |     1 ||    13
       Slow              |       |       |     4 |       ||     4
       Poisonous Vapours |       |       |     4 |       ||     4
Evoke: Wand              |       |       |    11 |       ||    11
  Use: Scroll            |     1 |     4 |     4 |       ||     9
       Potion            |     1 |       |     4 |       ||     5
 Stab: Confused          |       |       |     7 |     2 ||     9
Armor: Skin              |    18 |    34 |   249 |    12 ||   313
Dodge: Dodged            |    26 |    90 |   303 |    17 ||   436

Table legend: (Time is in decaauts)
 A = Elapsed time spent in this place.
 B = Non-inter-level travel time spent in this place.
 C = Inter-level travel time spent in this place.
 D = Time resting spent in this place.
 E = Time spent auto-exploring this place.
 F = Levels seen in this place.
 G = Mean time per level.
                   A        B        C        D        E       F      G
               +--------+--------+--------+--------+--------+-----+--------+
         Total |  12169 |  11581 |    588 |   2724 |   6592 |  10 | 1216.9 |
       Dungeon |  11923 |  11338 |    585 |   2724 |   6356 |   9 | 1324.8 |
        Temple |    246 |    243 |      3 |      0 |    236 |   1 |  246.0 |
               +--------+--------+--------+--------+--------+-----+--------+

Top non-repeatable levels by time:
     D:6: 1948 daAuts
     D:4: 1817 daAuts
     D:3: 1706 daAuts
     D:5: 1661 daAuts
     D:2: 1455 daAuts
     D:1: 1086 daAuts
     D:8: 897 daAuts
     D:7: 883 daAuts
     D:9: 467 daAuts
  Temple: 246 daAuts
